 Dungeon Crawl Stone Soup version 0.30-a0-52-g86a8295270 (webtiles) character file.

Game seed: 6681054028939824100

524 Newt the Skirmisher (level 7, -1/43 HPs)
             Began as a Kobold Hunter on Sept 6, 2022.
             Was an Initiate of Gozag.
             Slain by Dowan
             ... wielding a +2 dagger of electrocution
              (2 damage)
             ... on level 5 of the Dungeon.
             The game lasted 00:03:49 (5067 turns).

Newt the Skirmisher (Kobold Hunter)                 Turns: 5067, Time: 00:03:50

Health: -1/43      AC:  3    Str:  8    XL:     7   Next: 46%
Magic:  7/7        EV: 16    Int: 11    God:    Gozag
Gold:   353        SH:  0    Dex: 20    Spells: 6/6 levels left

rFire   . . .      SeeInvis +    a - +0 shortbow
rCold   . . .      Faith    .    (shield currently unavailable)
rNeg    . . .      Spirit   .    c - +0 leather armour
rPois   .          Reflect  .    (no helmet)
rElec   .          Harm     .    (no cloak)
rCorr   .          Rampage  .    (no gloves)
Will    .....                    (no boots)
Stlth   +++.......               (no amulet)
HPRegen 0.14/turn                n - ring of see invisible
MPRegen 0.10/turn                (no ring)

@: gold aura
A: small, no large weapons, nightstalker 3
a: Renounce Religion, Potion Petition, Call Merchant, Bribe Branch


You were on level 5 of the Dungeon.
You worshipped Gozag.
Gozag was aware of your devotion.
You visited 1 branch of the dungeon, and saw 5 of its levels.

You collected 394 gold pieces.
You paid 41 gold pieces to Gozag.

Inventory:

Hand Weapons
 a - a +0 shortbow (weapon)
Missiles
 g - 2 throwing nets
Armour
 c - a +0 leather armour (worn)
Jewellery
 n - a ring of see invisible (left hand)
 o - a ring of ice
 p - a ring of fire
 r - an amulet of the acrobat
Scrolls
 b - 3 scrolls of immolation
 d - 2 scrolls of blinking {unknown}
 e - 3 scrolls of identify
 j - 2 scrolls of fear {unknown}
 k - 2 scrolls of teleportation
 l - a scroll of poison {unknown}
 m - 2 scrolls of noise {unknown}
 q - a scroll of amnesia {unknown}


   Skills:
 - Level 4.0 Fighting
 + Level 9.7 Ranged Weapons
 - Level 4.0 Dodging
 - Level 1.3 Stealth


You had 6 spell levels left.
You didn't know any spells.
Your spell library contained the following spells:

 Spells                   Type           Power      Damage    Failure   Level
 Apportation              Tloc           0%         N/A       45%         1
 Necrotise                Necr           0%         1d4       45%         1
 Summon Small Mammal      Summ           0%         N/A       45%         1
 Frozen Ramparts          Ice            0%         1d1       83%         3
 Vampiric Draining        Necr           0%         2d6       83%         3
 Ice Form                 Ice/Tmut       0%         N/A       99%         4
 Summon Ice Beast         Ice/Summ       0%         N/A       99%         4
 Agony                    Necr           0%         N/A       100%        5


Dungeon Overview and Level Annotations

Branches:
Dungeon (5/15)             Temple (0/1) D:4

Altars:
Fedhas
Gozag
Xom

Shops:
D:1 :   D:4 *

Annotations:
D:5 Dowan, Edmund


Innate Abilities, Weirdness & Mutations

You are small and have problems with some larger weapons.
You are completely attuned to the shadows.


Message History

Duvessa misses you.
Dowan, Brother of Duvessa comes into view.
He is wielding a +2 dagger of electrocution.
You shoot an arrow. The arrow barely misses Duvessa.
Duvessa hits you with a +0 short sword.
You shoot an arrow. The arrow hits Duvessa.
Duvessa is severely wounded.
Duvessa misses you.
You shoot an arrow.
The arrow hits Duvessa but does no damage.
Duvessa is severely wounded.
Duvessa barely misses you.
You shoot an arrow. The arrow hits Duvessa!
You kill Duvessa!
Dowan screams, "No!
Oh no!"
Dowan seems to find hidden reserves of power!
Dowan closely misses you.
Your life force feels restored.
Unknown command.
You shoot an arrow. The arrow misses Dowan.
Dowan completely misses you.
Dowan is distracted by your dazzling golden aura.
You shoot an arrow.
Dowan shouts!
The arrow hits Dowan!
Dowan is no longer distracted by gold.
Dowan is heavily wounded.
Dowan hits you with a +2 dagger of electrocution.
You are electrocuted!!
* * * LOW HITPOINT WARNING * * *
Dowan closely misses you.
Unknown command.
You feel better.
Dowan hits you with a +2 dagger of electrocution.
You are electrocuted!
* * * LOW HITPOINT WARNING * * *
Unknown command.
As you read the scroll labelled PUCOEDOGYK, it crumbles to dust.
It is a scroll of identify.
k - 2 scrolls of teleportation Dowan hits you with a +2 dagger of electrocution.
You die...
Your body crumbles into a pile of gold.

....... ....#.#.# .....
....#.#.# ....... ...#.#.#
####.##...###.....#.#####
.....##>#..#............#
........##..............#
##......................#
#.......##e$..#..#######
.........##.@........########
###......##..........##......
#......##(.###.............
########..# #.....##......
#..# ############## #..# #).#


You could see Dowan (fast).

Vanquished Creatures
  Menkaure (D:5)
  Duvessa (D:5)
  A phantom (D:4)
  A necrophage (D:4)
  An iguana (D:5)
  3 gnolls (D:2)
  3 adders
  3 worms (D:3)
  4 dart slugs
  2 orcs (D:3)
  A bat (D:1)
  6 endoplasms
  4 giant cockroaches
  2 goblins (D:2)
  11 hobgoblins
  2 jackals (D:1)
  8 kobolds
  A quokka (D:2)
  4 ball pythons
  3 frilled lizards
  4 rats
66 creatures vanquished.

Notes
Turn   | Place    | Note
-------+----------+-------------------------------------------
     0 | D:1      | Newt the Kobold Hunter began the quest for the Orb.
     0 | D:1      | Reached XP level 1. HP: 12/12 MP: 1/1
    94 | D:1      | Reached XP level 2. HP: 17/18 MP: 2/2
   292 | D:1      | Found Gurima's Vocational Training.
   447 | D:1      | Found a faded altar of an unknown god.
   886 | D:2      | Found a blossoming altar of Fedhas.
   896 | D:2      | Reached XP level 3. HP: 10/24 MP: 3/3
  1391 | D:2      | Reached XP level 4. HP: 29/29 MP: 4/4
  1523 | D:2      | Reached skill level 6 in Ranged Weapons
  1995 | D:3      | Found an opulent altar of Gozag.
  2077 | D:3      | Became a worshipper of Gozag Ym Sagoz the Greedy
  2544 | D:3      | Found a shimmering altar of Xom.
  2712 | D:3      | Reached XP level 5. HP: 25/33 MP: 5/5
  2982 | D:3      | Reached skill level 7 in Ranged Weapons
  3474 | D:4      | Found Tybai's Gadget Gallery.
  3544 | D:4      | Noticed a phantom
  3552 | D:4      | Killed a phantom
  3553 | D:4      | Reached skill level 8 in Ranged Weapons
  3553 | D:4      | Reached XP level 6. HP: 33/38 MP: 6/6
  3820 | D:4      | Found a staircase to the Ecumenical Temple.
  4008 | D:5      | Entered Level 5 of the Dungeon
  4020 | D:5      | Noticed Menkaure
  4025 | D:5      | Killed Menkaure
  4211 | D:5      | Identified the +5 trident "Kedghub" {drain, rPois rF+
                  | Str+4}
  4224 | D:5      | Noticed Edmund
  4266 | D:4      | HP: 2/45 [necrophage (1)]
  4268 | D:4      | Reached skill level 9 in Ranged Weapons
  4268 | D:4      | Reached XP level 7. HP: 2/38 MP: 7/7
  5046 | D:5      | Noticed Duvessa
  5059 | D:5      | Noticed Dowan
  5063 | D:5      | Killed Duvessa
  5066 | D:5      | HP: 1/43 [Dowan/+2 dagger of electrocution (14)]
  5067 | D:5      | Slain by Dowan

Illustrated notes

Levels and vault maps discovered:
D:1:      saegor_arrival_simple_a, layout_basic,
          ebering_ecumenical_altar_petrified, nicolae_shop_vocational
D:2:      layout_loops_ring, basic_altar, columned_hall_lemuel
D:3:      layout_basic, nicolae_gozag_seed_capital,
          mainiacjoe_overflow_tiny_flanked, kennysheep_nub
D:4:      layout_rooms, minmay_temple_entry_mini_moons, nicolae_shop_gadgets
D:5:      layout_rooms, kennysheep_small_spiral, uniq_duvessa, uniq_ijyb,
          uniq_edmund, uniq_menkaure

Skill      XL: |  1  2  3  4  5  6 |
---------------+-------------------+-----
Fighting       | 3 4 |  4.0
Ranged Weapons | 6 8 9 |  9.7
Dodging        | 4 |  4.0
Stealth        | |  1.3

Action                   |  1- 3 |  4- 6 |  7- 9 || total
-------------------------+-------+-------+-------++-------
 Fire: Shortbow          |    50 |   133 |    11 ||   194
  Use: Potion            |       |     3 |     1 ||     4
       Scroll            |       |       |     1 ||     1
Armor: Leather armour    |     5 |    18 |       ||    23
       Skin              |       |    10 |       ||    10
Dodge: Dodged            |    13 |    27 |     6 ||    46

Table legend: (Time is in decaauts)
 A = Elapsed time spent in this place.
 B = Non-inter-level travel time spent in this place.
 C = Inter-level travel time spent in this place.
 D = Time resting spent in this place.
 E = Time spent auto-exploring this place.
 F = Levels seen in this place.
 G = Mean time per level.
                   A        B        C        D        E       F      G
               +--------+--------+--------+--------+--------+-----+--------+
         Total |   5117 |   4986 |    131 |   1013 |   3536 |   5 | 1023.4 |
       Dungeon |   5117 |   4986 |    131 |   1013 |   3536 |   5 | 1023.4 |
               +--------+--------+--------+--------+--------+-----+--------+

Top non-repeatable levels by time:
     D:3: 1531 daAuts
     D:4: 1300 daAuts
     D:1: 1190 daAuts
     D:2: 758 daAuts
     D:5: 337 daAuts
